 Dungeon Crawl Stone Soup version 0.23.2-40-g277498a (webtiles) character file.

Game seed: 16855432311759788569

186 Bloodrosh the Chopper (level 5, -14/46 HPs)
             Began as a Hill Orc Fighter on Oct 2, 2019.
             Was a Follower of Makhleb.
             Demolished by an ogre
             ... wielding a cursed -3 giant club
              (27 damage)
             ... on level 4 of the Dungeon.
             The game lasted 00:12:53 (2854 turns).

Bloodrosh the Chopper (Hill Orc Fighter)            Turns: 2854, Time: 00:12:53

Health: -14/46     AC:  8    Str: 20    XL:     5   Next: 65%
Magic:  5/5        EV:  7    Int:  8    God:    Makhleb [*.....]
Gold:   91         SH: 10    Dex: 14    Spells: 4/4 levels left

rFire    . . .     SeeInvis .   a - +0 war axe
rCold    + . .     Gourm    .   c - +0 shield
rNeg     . . .     Faith    .   b - +0 scale mail
rPois    .         Spirit   .   (no helmet)
rElec    .         Reflect  .   p - +0 cloak
rCorr    .         Harm     .   (no gloves)
MR       .....                  (no boots)
Stlth    ..........             (no amulet)
HPRegen  0.15/turn              w - +4 ring of dexterity
MPRegen  0.09/turn              x - ring of protection from cold

@: no status effects
A: no striking features
a: Renounce Religion


You were on level 4 of the Dungeon.
You worshipped Makhleb.
Makhleb was aware of your devotion.
You were not hungry.

You visited 1 branch of the dungeon, and saw 4 of its levels.

You collected 91 gold pieces.

Inventory:

Hand Weapons
 a - a +0 war axe (weapon)
 o - a +0 hunting sling
Missiles
 k - 90 stones (quivered)
Armour
 b - a +0 scale mail (worn)
 c - a +0 shield (worn)
 p - a +0 cloak (worn)
Jewellery
 w - a +4 ring of dexterity (left hand)
 x - a ring of protection from cold (right hand)
Wands
 m - a wand of digging (8)
Scrolls
 g - a scroll of fog {unknown}
 j - 2 scrolls of identify {unknown}
 q - 2 scrolls of magic mapping {unknown}
 r - a scroll of blinking {unknown}
 s - a scroll of remove curse {unknown}
 u - 2 scrolls of enchant armour {unknown}
Potions
 d - a potion of might
 e - 2 potions of mutation {unknown}
 h - a potion of cancellation {unknown}
 i - 2 potions of curing {unknown}
 l - a potion of lignification {unknown}
 n - 2 potions of heal wounds {unknown}
 t - a potion of haste {unknown}
 v - a potion of brilliance {unknown}
Comestibles
 f - 2 rations


   Skills:
 - Level 3.9 Fighting
 + Level 5.3 Axes
 - Level 3.4 Armour
 * Level 5.2 Shields


You had 4 spell levels left.
You didn't know any spells.
Your spell library was empty.

Dungeon Overview and Level Annotations

Branches:
Dungeon (4/15)
 Temple: D:4-7

Altars:
Fedhas
Makhleb
Qazlal
Ru
Trog


Message History

The ogre shouts!
There is a stone staircase leading up here.
The phantom blinks!
The ogre enters a dispersal trap!
The phantom blinks!
You blink.
The ogre blinks!
The phantom closely misses you.
You can't go up here!
You can't go up here!
You can't go down here!
You can't go up here!
You miss the phantom. You block the phantom's attack.
You miss the phantom.
The phantom blinks!
You closely miss the phantom. You hit the ogre. The phantom barely misses you.
The ogre hits you with a cursed -3 giant club!!
Ouch! That really hurt!
You barely miss the phantom. You hit the ogre. The phantom hits you!
* * * LOW HITPOINT WARNING * * *
The phantom blinks!
The ogre hits you with a cursed -3 giant club!!
Ouch! That really hurt!
You die...

.. #. #. #. #.
#.######.#
#.§......#
..########.@###
...§...<..^.O......
...####.#.#W#######
#.#.#.# #.# #.# #.#
#.# #.. #.# ### #.#


You could see a phantom and an ogre.

Vanquished Creatures
  A hound (D:2)
  Robin (D:2)
  3 gnolls (D:2)
  4 adders
  A worm (D:3)
  A dart slug (D:3)
  A leopard gecko (D:1)
  An orc (D:3)
  9 bats
  3 giant cockroaches
  10 goblins
  6 hobgoblins
  7 jackals
  10 kobolds
  2 quokkas (D:3)
  4 frilled lizards
  8 rats
72 creatures vanquished.

Notes
Turn   | Place    | Note
-------+----------+-------------------------------------------
     0 | D:1      | Bloodrosh the Hill Orc Fighter began the quest for the Orb.
     0 | D:1      | Reached XP level 1. HP: 19/19 MP: 1/1
    82 | D:1      | Reached XP level 2. HP: 22/27 MP: 2/2
   943 | D:2      | Reached XP level 3. HP: 29/33 MP: 3/3
  1010 | D:2      | Noticed Robin
  1022 | D:2      | Killed Robin
  1071 | D:2      | Reached XP level 4. HP: 23/40 MP: 4/4
  1228 | D:2      | Reached skill level 5 in Axes
  1243 | D:2      | Found a burning altar of Makhleb.
  1252 | D:2      | Became a worshipper of Makhleb the Destroyer
  1363 | D:2      | Reached XP level 5. HP: 45/46 MP: 5/5
  1698 | D:2      | Found a stormy altar of Qazlal.
  1701 | D:2      | Found a bloodstained altar of Trog.
  1801 | D:2      | Found a blossoming altar of Fedhas.
  2182 | D:3      | Reached skill level 5 in Shields
  2546 | D:3      | Reached * piety under Makhleb
  2562 | D:3      | Found a sacrificial altar of Ru.
  2848 | D:4      | Noticed a phantom
  2848 | D:4      | Noticed an ogre
  2854 | D:4      | Demolished by an ogre

Skill      XL: |  1  2  3  4  5 |
---------------+----------------+-----
Axes           | 3 4 5 |  5.3
Shields        | 4 5 |  5.2
Fighting       | |  3.9
Armour         | |  3.4

Action                   |  1- 3 |  4- 6 || total
-------------------------+-------+-------++-------
Melee: War axe           |    86 |   144 ||   230
  Eat: Chunk             |     1 |     2 ||     3
       Ration            |       |     1 ||     1
Armor: Scale mail        |    37 |    66 ||   103
Dodge: Dodged            |    27 |    40 ||    67
Block: Shield            |    43 |    84 ||   127
